 Dungeon Crawl Stone Soup version 0.28-a0-206-gc2c9e32840 (webtiles) character file.

Game seed: 869820442722924981

581 Ezendos the Conjurer (level 7, 0/46 HPs)
             Began as an Octopode Conjurer on Aug 20, 2021.
             Slain by a vampire mosquito (9 damage)
             ... on level 5 of the Dungeon.
             The game lasted 00:08:33 (5472 turns).

Ezendos the Conjurer (Octopode Conjurer)            Turns: 5472, Time: 00:08:33

Health: 0/46       AC:  1    Str: 13    XL:     7   Next: 36%
Magic:  23/30      EV: 13    Int: 22    God:
Gold:   186        SH:  5    Dex: 10    Spells: 3/13 levels left

rFire   . . .      SeeInvis .   k - +1 rapier (flame)
rCold   . . .      Faith    .   (no shield)
rNeg    . . .      Spirit   .   (helmet restricted)
rPois   .          Reflect  +   g - amulet of reflection
rElec   .          Harm     .   h - ring of magical power
rCorr   .          Rampage  .   n - ring of flight
Will    .....                   j - +6 ring of strength
Stlth   ++++......              o - ring of magical power
HPRegen 0.15/turn               (no ring)
MPRegen 0.22/turn               (no ring)
                                (no ring)
                                (no ring)

@: brilliant, flying
A: almost no armour, amphibious, 8 rings, camouflage 1, gelatinous body 1,
(nimble swimmer 1), tentacles
a: no special abilities


You were on level 5 of the Dungeon.
You visited 1 branch of the dungeon, and saw 5 of its levels.

You collected 186 gold pieces.

Inventory:

Hand Weapons
 d - a +0 dagger
 e - a +0 dagger of draining
 k - a +1 rapier of flaming (weapon)
Jewellery
 g - an amulet of reflection (around mantle)
 h - a ring of magical power (left tentacle)
 j - a +6 ring of strength (on tentacle)
 n - a ring of flight (right tentacle)
 o - a ring of magical power (on tentacle)
Wands
 c - a wand of polymorph (11)
Potions
 a - a potion of curing {unknown}
 b - a potion of haste {unknown}
 f - a potion of flight
 i - a potion of magic {unknown}


   Skills:
 + Level 3.3 Fighting
 - Level 2.0 Dodging
 * Level 4.7 Stealth
 + Level 3.8 Spellcasting
 + Level 5.4 Conjurations
 + Level 0.0 Summonings
 + Level 2.1 Translocations
 - Level 2.0 Evocations


You had 3 spell levels left.
You knew the following spells:

 Your Spells              Type           Power      Damage    Failure   Level
a - Magic Dart            Conj           100%       1d8       1%          1
b - Searing Ray           Conj           84%        3d6       1%          2
c - Iskenderun's Mystic   Conj/Tloc      31%        2d8       24%         4
d - Call Canine Familiar  Summ           6%         N/A       34%         3

Your spell library contained the following spells:

 Spells                   Type           Power      Damage    Failure   Level
 Dazzling Flash           Conj/Hex       48%        N/A       11%         3
 Corona                   Hex            6%         N/A       12%         1
 Ensorcelled Hibernation  Hex/Ice        12%        N/A       17%         2
 Portal Projectile        Hex/Tloc       26%        N/A       22%         3
 Tukima's Dance           Hex            6%         N/A       34%         3
 Fulminant Prism          Conj/Hex       12%        3d9       36%         4
 Leda's Liquefaction      Hex/Erth       3%         N/A       75%         4
 Summon Forest            Summ/Tloc      6%         N/A       90%         5
 Summon Mana Viper        Hex/Summ       6%         N/A       97%         5
 Shadow Creatures         Summ           N/A        N/A       100%        6
 Malign Gateway           Summ/Tloc      6%         N/A       100%        7
 Summon Horrible Things   Summ           3%         N/A       100%        8


Dungeon Overview and Level Annotations

Branches:
Dungeon (5/15)
 Temple: D:4-7

Altars:


Innate Abilities, Weirdness & Mutations

You cannot wear most types of armour.
You are amphibious.
You can wear up to eight rings at the same time.
Your skin changes colour to match your surroundings (Stealth+).
Your rubbery body absorbs attacks. (AC +1, EV +1)
((You are camouflaged near water. (Stealth+)))
You have tentacles for arms and can constrict up to eight enemies at once.


Message History

The vampire mosquito draws strength from your injuries!
The searing ray misses the vampire mosquito.
The vampire mosquito barely misses you.
The vampire mosquito closely misses you.
The searing ray hits the vampire mosquito.
The vampire mosquito is moderately damaged.
You block the vampire mosquito's attack.
The vampire mosquito completely misses you.
The searing ray hits the vampire mosquito!
The vampire mosquito is severely damaged.
You finish channeling your searing ray.
The vampire mosquito bites you!
The vampire mosquito draws strength from your injuries!
Casting: Searing Ray (safe; 1% risk of failure)
Confirm with . or Enter, or press ? or * to list all spells.
Aiming: Searing Ray (safe; 1% risk of failure)
Press: ? - help, Shift-Dir - straight line, f/p - vampire mosquito
Aim: a vampire mosquito (heavily damaged, 66% to hit)
The searing ray hits the vampire mosquito!
The vampire mosquito is almost destroyed. (Press . to maintain the ray.)
The vampire mosquito closely misses you.
The vampire mosquito bites you!
The vampire mosquito draws strength from your injuries!
Casting: Searing Ray (safe; 1% risk of failure)
Confirm with . or Enter, or press ? or * to list all spells.
Aiming: Magic Dart (safe; 1% risk of failure)
Press: ? - help, Shift-Dir - straight line, f/p - vampire mosquito
Aim: a vampire mosquito (severely damaged, 100% to hit)
The magic dart hits the vampire mosquito.
The vampire mosquito is severely damaged.
The vampire mosquito bites you.
The vampire mosquito draws strength from your injuries!
The vampire mosquito bites you!
* * * LOW HITPOINT WARNING * * *
The vampire mosquito draws strength from your injuries!
You aren't carrying any scrolls.
It was a potion of brilliance.
You feel clever all of a sudden. The vampire mosquito barely misses you.
The vampire mosquito bites you!
You die...

#...........###
#.............#
#.........##..######
#y
##.......###........
..
##.....####........
..
####)#............
#[#####..###### #)#
#.## #@# #.#
#y#####y#
######..##..y####
##.....#.##.#....##
##........##.####..#
# #.........##
##.#..#.#
#.........#
#....>..#
#.........#
#.#####.#
#.........#..# ..#


You could see a vampire mosquito.

Vanquished Creatures
  A vampire mosquito (D:5)
  An ogre (D:5)
  A scorpion (D:5)
  A hound (D:4)
  2 jellies (D:5)
  3 orc priests (D:5)
  Robin (D:3)
  2 adders
  2 white imps (D:5)
  A worm (D:3)
  6 orcs
  3 bats
  9 endoplasms
  A giant cockroach (D:3)
  13 goblins
  10 hobgoblins
  4 jackals (D:3)
  5 quokkas
  5 ball pythons
  2 frilled lizards
  8 kobolds
  4 rats
85 creatures vanquished.

Notes
Turn   | Place    | Note
-------+----------+-------------------------------------------
     0 | D:1      | Ezendos the Octopode Conjurer began the quest for the Orb.
     0 | D:1      | Reached XP level 1. HP: 11/11 MP: 3/3
   219 | D:1      | Reached XP level 2. HP: 18/18 MP: 3/5
   222 | D:1      | Learned a level 2 spell: Searing Ray
   545 | D:1      | You fall into a shaft and drop 1 floor!
   892 | D:2      | Reached skill level 1 in Fighting
  1295 | D:2      | Reached XP level 3. HP: 23/23 MP: 3/6
  1969 | D:3      | Noticed an eye of devastation
  1971 | D:3      | Found a faded altar of an unknown god.
  1987 | D:3      | Noticed an eye of devastation
  1987 | D:3      | Noticed a shining eye
  1987 | D:3      | Noticed an eye of devastation
  2066 | D:3      | Noticed Robin
  2195 | D:3      | Killed Robin
  2196 | D:3      | Reached XP level 4. HP: 15/29 MP: 0/8
  3570 | D:4      | Learned a level 4 spell: Iskenderun's Mystic Blast
  3769 | D:4      | Reached XP level 5. HP: 34/34 MP: 5/9
  4775 | D:5      | Entered Level 5 of the Dungeon
  4775 | D:5      | Noticed a vampire mosquito
  4775 | D:5      | Noticed a vampire mosquito
  4776 | D:5      | Noticed a vampire mosquito
  4801 | D:5      | Reached skill level 1 in Evocations
  4834 | D:5      | Reached skill level 5 in Conjurations
  4834 | D:5      | Reached skill level 1 in Translocations
  4834 | D:5      | Reached XP level 6. HP: 41/41 MP: 10/10
  5047 | D:5      | Killed a vampire mosquito
  5048 | D:5      | Reached XP level 7. HP: 37/46 MP: 8/12
  5342 | D:5      | Learned a level 3 spell: Call Canine Familiar
  5472 | D:5      | Slain by a vampire mosquito

Illustrated notes

Levels and vault maps discovered:
D:1:      onia_arrival_mini_maze, layout_rooms
D:2:      layout_loops_cross
D:3:      layout_basic, hellmonk_ecumenical_altar_watching_god, uniq_robin
D:4:      layout_layer_cave, hangedman_abyss_or_decor_passed,
          corexii_checkpoint_a, grunt_decor_one_mirror, minmay_misc_feat_cross
D:5:      layout_rooms, grunt_decor_cap, uniq_ijyb

Skill      XL: |  1  2  3  4  5  6 |
---------------+-------------------+-----
Stealth        | 3 4 |  4.7
Fighting       | 1 2 3 |  3.3
Spellcasting   | 3 |  3.8
Evocations     | 1 2 |  2.0
Conjurations   | 5 |  5.4
Translocations | 1 2 |  2.1
Dodging        | |  2.0

Action                   |  1- 3 |  4- 6 |  7- 9 || total
-------------------------+-------+-------+-------++-------
Melee: Unarmed           |     1 |       |       ||     1
       Rapier            |     1 |     5 |       ||     6
 Cast: Magic Dart        |    60 |    89 |    12 ||   161
       Searing Ray       |     7 |     9 |     2 ||    18
  Use: Scroll            |     9 |     2 |     1 ||    12
       Potion            |       |       |     1 ||     1
Armor: Skin              |       |     1 |       ||     1
Dodge: Dodged            |     5 |    15 |     8 ||    28
Block: Other             |     2 |     7 |     2 ||    11

Table legend: (Time is in decaauts)
 A = Elapsed time spent in this place.
 B = Non-inter-level travel time spent in this place.
 C = Inter-level travel time spent in this place.
 D = Time resting spent in this place.
 E = Time spent auto-exploring this place.
 F = Levels seen in this place.
 G = Mean time per level.
                   A        B        C        D        E       F      G
               +--------+--------+--------+--------+--------+-----+--------+
         Total |   5475 |   5238 |    237 |    597 |   4135 |   5 | 1095.0 |
       Dungeon |   5475 |   5238 |    237 |    597 |   4135 |   5 | 1095.0 |
               +--------+--------+--------+--------+--------+-----+--------+

Top non-repeatable levels by time:
     D:3: 1648 daAuts
     D:4: 1342 daAuts
     D:2: 1062 daAuts
     D:1: 856 daAuts
     D:5: 565 daAuts
